General information
- name: BNet
- type: Ladder team game (AT/RT)
- host: Battle.net
- saver: FVCKINGF4GJ4COB
map: TwilightRuins
- players: 8
- length: 48:11
- speed: Fast
- version: 1.26 W3XP
- replay type: Public
» download(290 KB)
Players
team 1 (loser)
TR1LL (
pink | 46 APM | 770 actions | 16:40)
3 Archmage
2 Summon Water Elemental
1 Brilliance Aura
1 Paladin
1 Holy Light
» actions
| Build / train | 68 | |
| Enter build submenu | 35 | |
| Enter hero's abilities submenu | 4 | |
| Give item / drop item | 1 | |
| Right click | 363 | |
| Select / deselect | 245 | |
| Use ability | 54 | |
770 total
» units
| Peasant | 16 | |
| Footman | 6 | |
| Rifleman | 10 | |
| Sorceress | 6 | |
| Priest | 5 | |
43 total
» upgrades
| Gunpowder | 2 | |
| Lumber Harvesting | 1 | |
| Long Rifles | 1 | |
| Armor | 1 | |
5 total
» buildings
| Altar of Kings | 1 | |
| Farm | 13 | |
| Barracks | 1 | |
| Scout Tower | 14 | |
| Arcane Tower | 6 | |
| Lumber Mill | 1 | |
| Arcane Vault | 1 | |
| Keep | 1 | |
| Blacksmith | 1 | |
| Guard Tower | 6 | |
| Town Hall | 1 | |
| Arcane Sanctum | 1 | |
| Castle | 1 | |
48 total
» build order
00:24 Altar of Kings
00:39 Farm
00:58 Barracks
01:27 Farm
02:09 Farm
02:12 Scout Tower
02:41 Arcane Tower
03:19 Lumber Mill
04:07 Farm
04:30 Arcane Vault
04:52 Farm
05:09 Keep
05:14 Blacksmith
05:34 Scout Tower
05:44 Farm
06:17 Guard Tower
06:25 Scout Tower
07:01 Arcane Tower
07:10 Farm
07:26 Town Hall
07:30 Scout Tower
08:00 Farm
08:36 Arcane Sanctum
08:53 Scout Tower
09:00 Farm
09:11 Scout Tower
09:12 Guard Tower
09:34 Arcane Tower
09:40 Farm
09:45 Arcane Tower
09:49 Scout Tower
10:24 Farm
10:29 Farm
11:18 Guard Tower
11:21 Scout Tower
12:10 Farm
12:15 Arcane Tower
12:19 Scout Tower
12:22 Scout Tower
12:54 Castle
13:51 Arcane Tower
13:56 Scout Tower
14:03 Scout Tower
14:04 Guard Tower
14:13 Scout Tower
16:12 Guard Tower
16:14 Scout Tower
16:16 Guard Tower
toadmonkey22 (
yellow | 50 APM | 877 actions | 17:29)
3 Archmage
2 Summon Water Elemental
1 Brilliance Aura
1 Beastmaster
1 Summon Quilbeast
» actions
| Assign group hotkey | 12 | |
| Basic commands | 58 | |
| Build / train | 45 | |
| Enter build submenu | 18 | |
| Enter hero's abilities submenu | 4 | |
| Give item / drop item | 1 | |
| Right click | 548 | |
| Select / deselect | 134 | |
| Select group hotkey | 20 | |
| Use ability | 37 | |
877 total
» units
» upgrades
| Masonry | 3 | |
| Gunpowder | 3 | |
| Armor | 3 | |
| Lumber Harvesting | 1 | |
| Long Rifles | 1 | |
11 total
» buildings
| Altar of Kings | 1 | |
| Farm | 11 | |
| Lumber Mill | 1 | |
| Blacksmith | 1 | |
| Barracks | 1 | |
| Keep | 1 | |
| Scout Tower | 6 | |
| Arcane Vault | 1 | |
| Castle | 1 | |
| Guard Tower | 2 | |
26 total
» build order
00:26 Altar of Kings
00:37 Farm
00:40 Farm
02:13 Lumber Mill
02:40 Blacksmith
03:09 Barracks
05:28 Keep
05:33 Farm
05:35 Farm
05:36 Farm
05:40 Farm
05:41 Scout Tower
05:42 Scout Tower
05:43 Scout Tower
05:44 Scout Tower
07:39 Arcane Vault
07:44 Farm
08:25 Castle
10:01 Guard Tower
12:40 Farm
12:42 Farm
12:46 Scout Tower
12:46 Scout Tower
14:02 Guard Tower
14:17 Farm
17:07 Farm
» items
| Periapt of Vitality | 1 | |
| Potion of Lesser Invulnerability | 1 | |
| Staff of Sanctuary | 1 | |
3 total
WalkingDead) (
blue | 31 APM | 1485 actions | 48:11)
3 Crypt Lord
2 Impale
1 Spiked Carapace
1 Beastmaster
1 Summon Bear
1 Archmage
1 Brilliance Aura
» actions
| Assign group hotkey | 90 | |
| Basic commands | 14 | |
| Build / train | 90 | |
| Enter build submenu | 41 | |
| Enter hero's abilities submenu | 5 | |
| Remove unit from queue | 7 | |
| Right click | 460 | |
| Select / deselect | 561 | |
| Select group hotkey | 142 | |
| Use ability | 75 | |
1485 total
» units
| Acolyte | 28 | |
| Ghoul | 4 | |
| Crypt Fiend | 8 | |
| Obsidian Statue | 2 | |
| Meatwagon | 4 | |
| Necromancer | 1 | |
| Rifleman | 12 | |
59 total
» upgrades
| Web | 1 | |
| Unholy Armor | 1 | |
| Burrow | 1 | |
| Necromancer Training | 1 | |
| Skeletal Longevity | 1 | |
| Exhume Corpses | 1 | |
| Armor | 1 | |
7 total
» buildings
| Graveyard | 1 | |
| Crypt | 1 | |
| Ziggurat | 13 | |
| Altar of Darkness | 2 | |
| Tomb of Relics | 1 | |
| Nerubian Tower | 3 | |
| Necropolis | 2 | |
| Halls of the Dead | 1 | |
| Spirit Tower | 5 | |
| Slaughterhouse | 1 | |
| Temple of the Damned | 2 | |
| Keep | 1 | |
| Altar of Kings | 1 | |
| Blacksmith | 1 | |
| Barracks | 2 | |
| Farm | 9 | |
| Arcane Tower | 1 | |
47 total
» build order
00:43 Graveyard
00:47 Crypt
00:49 Ziggurat
01:06 Altar of Darkness
01:14 Tomb of Relics
01:29 Ziggurat
01:41 Nerubian Tower
04:27 Necropolis
05:18 Halls of the Dead
05:39 Ziggurat
05:45 Ziggurat
06:54 Ziggurat
06:56 Ziggurat
07:01 Ziggurat
07:04 Ziggurat
07:29 Spirit Tower
07:49 Spirit Tower
07:55 Spirit Tower
07:59 Nerubian Tower
08:07 Spirit Tower
08:07 Spirit Tower
09:02 Slaughterhouse
09:21 Temple of the Damned
09:27 Temple of the Damned
16:53 Necropolis
21:22 Keep
21:27 Altar of Kings
21:30 Blacksmith
21:49 Ziggurat
21:54 Altar of Darkness
22:41 Ziggurat
22:48 Ziggurat
23:37 Barracks
23:41 Barracks
23:44 Nerubian Tower
23:49 Ziggurat
23:58 Ziggurat
24:40 Farm
24:41 Farm
24:45 Farm
24:46 Farm
24:47 Farm
24:50 Farm
27:01 Farm
27:04 Farm
27:08 Farm
27:14 Arcane Tower
» items
| Rod of Necromancy | 1 | |
| Scroll of Town Portal | 1 | |
2 total
taco-seller. (
teal | 76 APM | 3669 actions | 48:11)
9 Archmage
3 Summon Water Elemental
3 Brilliance Aura
2 Blizzard
1 Mass Teleport
2 Mountain King
1 Storm Bolt
1 Bash
1 Naga Sea Witch
1 Frost Arrows
» actions
| Assign group hotkey | 57 | |
| Basic commands | 11 | |
| Build / train | 114 | |
| Enter build submenu | 25 | |
| Enter hero's abilities submenu | 14 | |
| Give item / drop item | 4 | |
| Remove unit from queue | 2 | |
| Right click | 1672 | |
| Select / deselect | 379 | |
| Select group hotkey | 1186 | |
| Use ability | 205 | |
3669 total
» units
| Peasant | 15 | |
| Footman | 5 | |
| Goblin Shredder | 3 | |
| Gryphon Rider | 4 | |
| Dragonhawk Rider | 4 | |
31 total
» upgrades
| Masonry | 3 | |
| Storm Hammers | 1 | |
| Animal War Training | 1 | |
| Swords | 2 | |
| Armor | 2 | |
| Cloud | 1 | |
10 total
» buildings
| Altar of Kings | 1 | |
| Barracks | 1 | |
| Farm | 12 | |
| Scout Tower | 34 | |
| Lumber Mill | 1 | |
| Arcane Tower | 2 | |
| Arcane Vault | 1 | |
| Town Hall | 2 | |
| Keep | 1 | |
| Guard Tower | 19 | |
| Castle | 1 | |
| Gryphon Aviary | 5 | |
| Blacksmith | 1 | |
81 total
» build order
00:06 Altar of Kings
00:21 Barracks
00:36 Farm
00:51 Farm
01:31 Farm
01:40 Scout Tower
01:59 Lumber Mill
02:35 Arcane Tower
02:36 Arcane Tower
02:44 Farm
02:56 Arcane Vault
05:07 Town Hall
05:09 Scout Tower
05:09 Scout Tower
05:10 Scout Tower
05:16 Keep
06:21 Guard Tower
06:52 Scout Tower
06:53 Scout Tower
06:53 Scout Tower
06:54 Scout Tower
07:21 Guard Tower
07:26 Guard Tower
07:45 Castle
07:48 Gryphon Aviary
08:00 Gryphon Aviary
08:25 Guard Tower
08:30 Scout Tower
08:30 Scout Tower
08:51 Gryphon Aviary
09:01 Blacksmith
09:14 Guard Tower
09:20 Farm
09:21 Farm
09:21 Farm
09:22 Farm
09:22 Farm
09:23 Farm
09:24 Farm
09:24 Farm
09:33 Gryphon Aviary
10:02 Guard Tower
11:46 Scout Tower
11:46 Scout Tower
11:46 Scout Tower
11:50 Scout Tower
11:52 Scout Tower
11:54 Scout Tower
11:54 Scout Tower
12:23 Guard Tower
12:23 Guard Tower
12:50 Guard Tower
12:56 Scout Tower
12:56 Scout Tower
12:57 Scout Tower
12:57 Scout Tower
12:58 Scout Tower
12:58 Scout Tower
13:40 Guard Tower
13:45 Gryphon Aviary
14:46 Guard Tower
17:31 Scout Tower
17:31 Scout Tower
17:31 Scout Tower
17:32 Scout Tower
17:33 Scout Tower
17:33 Scout Tower
17:34 Scout Tower
17:34 Scout Tower
17:35 Scout Tower
17:35 Scout Tower
18:44 Guard Tower
19:07 Guard Tower
19:07 Guard Tower
19:23 Guard Tower
20:05 Guard Tower
21:44 Guard Tower
31:00 Town Hall
35:49 Scout Tower
» items
| Scroll of Regeneration | 10 | |
| Staff of Teleportation | 1 | |
| Lesser Clarity Potion | 2 | |
| Ivory Tower | 2 | |
| Scroll of Town Portal | 3 | |
| Tome of Retraining | 1 | |
| Sentry Wards | 1 | |
| Staff of Sanctuary | 1 | |
| Scroll of Healing | 1 | |
| Potion of Healing | 1 | |
| Dust of Appearance | 1 | |
24 total
team 2 (winner)

»
lksokolk1ol1 (
orange | 81 APM | 3840 actions | 47:27)
6 Demon Hunter
3 Mana Burn
2 Evasion
1 Metamorphosis
4 Priestess of the Moon
2 Trueshot Aura
1 Searing Arrows
1 Scout
4 Naga Sea Witch
2 Frost Arrows
2 Forked Lightning
» actions
| Assign group hotkey | 60 | |
| Basic commands | 133 | |
| Build / train | 84 | |
| Enter build submenu | 29 | |
| Enter hero's abilities submenu | 15 | |
| Give item / drop item | 4 | |
| Right click | 1762 | |
| Select / deselect | 610 | |
| Select group hotkey | 1039 | |
| Use ability | 102 | |
3840 total
» units
| Wisp | 17 | |
| Huntress | 4 | |
| Giant Sea Turtle | 1 | |
| Goblin Shredder | 2 | |
| Hippogryph | 12 | |
| Chimaera | 8 | |
44 total
» upgrades
| Sentinel | 1 | |
| Strength of the Wild | 3 | |
| Reinforced Hides | 2 | |
| Corrosive Breath | 1 | |
| Nature's Blessing | 1 | |
8 total
» buildings
| Altar of Elders | 1 | |
| Moon Well | 16 | |
| Ancient of War | 1 | |
| Hunter's Hall | 1 | |
| Ancient of Wonders | 1 | |
| Tree of Ages | 2 | |
| Tree of Life | 2 | |
| Ancient Protector | 2 | |
| Tree of Eternity | 2 | |
| Ancient of Wind | 1 | |
| Chimaera Roost | 3 | |
32 total
» build order
00:07 Altar of Elders
00:08 Moon Well
00:17 Moon Well
01:19 Moon Well
01:27 Ancient of War
01:56 Hunter's Hall
02:11 Moon Well
02:38 Moon Well
03:04 Moon Well
03:07 Ancient of Wonders
03:36 Moon Well
05:14 Tree of Ages
05:14 Tree of Ages
06:48 Tree of Life
06:50 Ancient Protector
06:52 Ancient Protector
08:38 Tree of Eternity
08:39 Tree of Eternity
11:29 Ancient of Wind
12:36 Chimaera Roost
12:37 Chimaera Roost
12:38 Chimaera Roost
14:04 Moon Well
17:02 Moon Well
17:02 Moon Well
17:20 Moon Well
17:26 Moon Well
17:30 Moon Well
18:31 Moon Well
19:05 Moon Well
19:10 Moon Well
20:00 Tree of Life
» items
| Staff of Preservation | 1 | |
| Staff of Teleportation | 1 | |
| Orb of Venom | 1 | |
| Scroll of Town Portal | 4 | |
7 total
Teletubbies. (
red | 37 APM | 1665 actions | 44:50)
6 Blademaster
3 Wind Walk
2 Critical Strike
1 Bladestorm
4 Shadow Hunter
2 Hex
2 Healing Wave
» actions
| Basic commands | 32 | |
| Build / train | 102 | |
| Enter build submenu | 37 | |
| Enter hero's abilities submenu | 10 | |
| Give item / drop item | 5 | |
| Remove unit from queue | 1 | |
| Right click | 907 | |
| Select / deselect | 455 | |
| Use ability | 116 | |
1665 total
» units
| Peon | 18 | |
| Grunt | 5 | |
| Shaman | 14 | |
| Troll Headhunter/Berserker | 21 | |
| Tauren | 4 | |
62 total
» upgrades
| Shaman Training | 2 | |
| Melee Weapons | 3 | |
| Armor | 2 | |
| Berserker Upgrade | 1 | |
| Pulverize | 1 | |
9 total
» buildings
| Altar of Storms | 1 | |
| Orc Burrow | 21 | |
| Barracks | 2 | |
| Great Hall | 2 | |
| Voodoo Lounge | 1 | |
| Stronghold | 2 | |
| Spirit Lodge | 1 | |
| War Mill | 2 | |
| Watch Tower | 5 | |
| Fortress | 1 | |
| Tauren Totem | 2 | |
40 total
» build order
00:13 Altar of Storms
00:15 Orc Burrow
00:43 Barracks
01:36 Orc Burrow
03:10 Great Hall
03:30 Voodoo Lounge
04:13 Stronghold
04:16 Orc Burrow
05:20 Orc Burrow
06:38 Spirit Lodge
07:26 Orc Burrow
07:29 Orc Burrow
07:32 War Mill
09:08 Watch Tower
09:09 Watch Tower
09:15 Fortress
10:48 Watch Tower
10:49 Watch Tower
10:50 Watch Tower
11:40 Tauren Totem
11:42 Tauren Totem
15:32 Orc Burrow
15:35 Orc Burrow
21:43 Stronghold
21:45 Orc Burrow
21:47 Orc Burrow
21:48 Orc Burrow
21:49 Orc Burrow
22:58 Orc Burrow
23:00 Orc Burrow
23:04 Orc Burrow
23:06 Orc Burrow
26:22 Orc Burrow
26:24 Orc Burrow
26:25 Orc Burrow
28:07 Great Hall
30:58 Orc Burrow
31:46 Orc Burrow
32:30 Barracks
34:18 War Mill
» items
| Healing Salve | 3 | |
| Circlet of Nobility | 1 | |
| Boots of Speed | 1 | |
| Lesser Clarity Potion | 1 | |
| Potion of Healing | 1 | |
| Potion of Mana | 1 | |
| Claws of Attack +6 | 1 | |
| Potion of Lesser Invulnerability | 2 | |
| Staff of Teleportation | 1 | |
| Periapt of Vitality | 1 | |
| Potion of Greater Healing | 1 | |
14 total
Multipawn (
green | 22 APM | 1047 actions | 48:11)
6 Demon Hunter
2 Mana Burn
3 Evasion
1 Metamorphosis
5 Priestess of the Moon
3 Trueshot Aura
2 Scout
3 Keeper of the Grove
2 Entangling Roots
1 Thorns Aura
» actions
| Assign group hotkey | 4 | |
| Basic commands | 13 | |
| Build / train | 97 | |
| ESC pressed | 1 | |
| Enter build submenu | 16 | |
| Enter hero's abilities submenu | 14 | |
| Give item / drop item | 7 | |
| Right click | 505 | |
| Select / deselect | 336 | |
| Select group hotkey | 4 | |
| Use ability | 50 | |
1047 total
» units
| Wisp | 20 | |
| Archer | 24 | |
| Hippogryph | 13 | |
57 total
» upgrades
| Improved Bows | 1 | |
| Hippogryph Taming | 1 | |
| Strength of the Moon | 3 | |
| Moon Armor | 2 | |
| Marksmanship | 1 | |
| Strength of the Wild | 1 | |
| Reinforced Hides | 1 | |
10 total
» buildings
| Altar of Elders | 1 | |
| Moon Well | 6 | |
| Ancient of War | 4 | |
| Tree of Ages | 1 | |
| Tree of Life | 1 | |
| Ancient of Wind | 2 | |
| Hunter's Hall | 1 | |
| Tree of Eternity | 1 | |
17 total
» build order
00:09 Altar of Elders
00:27 Moon Well
00:48 Ancient of War
01:28 Moon Well
02:26 Moon Well
03:12 Tree of Ages
04:45 Tree of Life
06:57 Ancient of Wind
07:00 Ancient of Wind
08:27 Hunter's Hall
09:17 Moon Well
09:24 Tree of Eternity
10:24 Moon Well
12:19 Moon Well
21:15 Ancient of War
21:21 Ancient of War
21:28 Ancient of War
» items
| Boots of Speed | 1 | |
| Potion of Lesser Invulnerability | 2 | |
| Scroll of Regeneration | 2 | |
| Potion of Healing | 2 | |
| Scroll of Town Portal | 3 | |
| Healing Salve | 1 | |
11 total
FVCKINGF4GJ4COB (
purple | 89 APM | 4303 actions | 48:11)
7 Blood Mage
3 Flame Strike
2 Siphon Mana
2 Banish
1 Goblin Tinker
1 Engineering Upgrade
1 Pandaren Brewmaster
1 Breath of Fire
» actions
| Assign group hotkey | 116 | |
| Basic commands | 452 | |
| Build / train | 243 | |
| ESC pressed | 12 | |
| Enter build submenu | 82 | |
| Enter hero's abilities submenu | 9 | |
| Give item / drop item | 14 | |
| Right click | 1252 | |
| Select / deselect | 452 | |
| Select group hotkey | 1396 | |
| Use ability | 275 | |
4303 total
» units
| Peasant | 15 | |
| Footman | 12 | |
| Goblin Shredder | 3 | |
| Sorceress | 1 | |
| Gryphon Rider | 11 | |
| Goblin Sapper | 3 | |
| Goblin Zeppelin | 5 | |
50 total
» upgrades
| Masonry | 3 | |
| Swords | 3 | |
| Sorceress Training | 2 | |
| Armor | 4 | |
| Magic Sentry | 1 | |
| Lumber Harvesting | 2 | |
| Storm Hammers | 1 | |
| Cloud | 1 | |
| Animal War Training | 1 | |
18 total
» buildings
| Altar of Kings | 2 | |
| Barracks | 1 | |
| Farm | 9 | |
| Arcane Vault | 1 | |
| Lumber Mill | 1 | |
| Town Hall | 4 | |
| Scout Tower | 61 | |
| Guard Tower | 80 | |
| Keep | 3 | |
| Blacksmith | 1 | |
| Arcane Sanctum | 1 | |
| Castle | 4 | |
| Gryphon Aviary | 5 | |
173 total
» build order
00:46 Altar of Kings
00:47 Barracks
00:51 Altar of Kings
00:52 Farm
01:04 Farm
01:18 Farm
01:57 Farm
02:09 Arcane Vault
02:42 Lumber Mill
04:06 Town Hall
05:14 Scout Tower
05:17 Scout Tower
05:19 Scout Tower
05:21 Scout Tower
05:46 Guard Tower
05:46 Guard Tower
05:47 Guard Tower
05:47 Guard Tower
05:47 Guard Tower
05:54 Guard Tower
05:54 Guard Tower
05:54 Guard Tower
05:55 Guard Tower
06:42 Scout Tower
06:43 Scout Tower
06:43 Scout Tower
06:44 Scout Tower
06:44 Scout Tower
07:12 Guard Tower
07:12 Guard Tower
07:12 Guard Tower
07:14 Guard Tower
07:22 Guard Tower
07:22 Guard Tower
07:24 Keep
07:24 Keep
07:28 Blacksmith
07:31 Scout Tower
07:32 Scout Tower
07:33 Scout Tower
07:54 Scout Tower
07:57 Scout Tower
08:02 Scout Tower
08:08 Guard Tower
08:08 Guard Tower
08:08 Guard Tower
08:23 Guard Tower
08:28 Guard Tower
08:28 Guard Tower
08:29 Guard Tower
09:54 Arcane Sanctum
10:27 Castle
10:27 Castle
10:28 Castle
10:33 Scout Tower
10:33 Scout Tower
10:34 Scout Tower
10:38 Scout Tower
11:09 Guard Tower
12:01 Guard Tower
12:01 Guard Tower
12:08 Gryphon Aviary
12:09 Gryphon Aviary
12:51 Gryphon Aviary
15:17 Farm
17:07 Scout Tower
17:07 Scout Tower
17:08 Scout Tower
17:09 Scout Tower
17:11 Scout Tower
17:12 Scout Tower
17:15 Town Hall
17:16 Scout Tower
17:17 Scout Tower
17:18 Scout Tower
17:21 Scout Tower
17:38 Farm
17:44 Farm
17:45 Farm
17:50 Gryphon Aviary
17:52 Gryphon Aviary
17:55 Farm
17:56 Guard Tower
17:57 Guard Tower
18:00 Scout Tower
18:02 Scout Tower
18:24 Guard Tower
18:25 Guard Tower
18:25 Guard Tower
18:26 Guard Tower
18:26 Guard Tower
18:26 Guard Tower
18:48 Guard Tower
18:48 Guard Tower
18:48 Guard Tower
18:49 Guard Tower
18:50 Guard Tower
18:50 Guard Tower
19:41 Scout Tower
19:41 Scout Tower
19:43 Scout Tower
19:44 Scout Tower
19:46 Scout Tower
20:22 Guard Tower
20:22 Guard Tower
20:23 Guard Tower
25:49 Scout Tower
27:57 Town Hall
27:58 Scout Tower
27:59 Scout Tower
28:00 Scout Tower
28:01 Scout Tower
28:03 Scout Tower
28:08 Scout Tower
28:09 Scout Tower
28:09 Scout Tower
28:10 Scout Tower
32:15 Town Hall
32:16 Scout Tower
32:17 Scout Tower
32:18 Scout Tower
32:19 Scout Tower
32:20 Scout Tower
32:20 Scout Tower
32:21 Scout Tower
32:22 Scout Tower
32:24 Scout Tower
33:17 Guard Tower
33:17 Guard Tower
33:34 Guard Tower
33:35 Guard Tower
33:35 Guard Tower
33:36 Guard Tower
33:36 Guard Tower
33:37 Guard Tower
33:37 Guard Tower
33:38 Guard Tower
38:28 Scout Tower
38:31 Scout Tower
38:32 Scout Tower
38:33 Scout Tower
38:35 Scout Tower
38:36 Scout Tower
39:55 Guard Tower
39:56 Guard Tower
39:56 Guard Tower
» items
| Boots of Speed | 3 | |
| Scroll of Regeneration | 11 | |
| Lesser Clarity Potion | 8 | |
| Mantle of Intelligence +3 | 1 | |
| Potion of Invisibility | 3 | |
| Staff of Teleportation | 3 | |
| Scroll of Town Portal | 4 | |
| Pendant of Energy | 1 | |
| Potion of Mana | 2 | |
| Scroll of Healing | 1 | |
| Scroll of Protection | 1 | |
| Potion of Lesser Invulnerability | 1 | |
| Potion of Healing | 2 | |
| Periapt of Vitality | 2 | |
| Tome of Retraining | 1 | |
44 total
Chat log
(00:10 / All) FVCKINGF4GJ4COB: Trill, do you prefer alveolar or uvular trills?
(00:17 / All) FVCKINGF4GJ4COB: Do you like speech pathology or linguistics?
(00:28 / All) TR1LL: i like ur mom
(00:32 / All) taco-seller.: owned
(00:35 / All) FVCKINGF4GJ4COB: Do you even know what a trill is?
(00:46 / All) taco-seller.: french canada #1
(00:52 / All) TR1LL: nope i closed my eyes and typed a name
(00:56 / All) WalkingDead): ^^
(01:01 / All) FVCKINGF4GJ4COB: Check that shit on Wikipedia I bet my tongue is better than yours and can do it
(01:08 / All) FVCKINGF4GJ4COB: and yours can't
(01:13 / All) TR1LL: cool
(01:19 / All) FVCKINGF4GJ4COB: It is cool
(01:26 / All) TR1LL: tell ur mom i miss her
(01:26 / All) FVCKINGF4GJ4COB: It's a cool consonant bro
(01:52 / All) taco-seller.: cannot believe ellen page is gay officially
(01:52 / All) TR1LL: already triple og
(01:53 / All) FVCKINGF4GJ4COB: My mom is a pre-op transman, do you like big burly 5'5" men with vaginas?
(02:01 / All) TR1LL: WTF
(02:15 / All) FVCKINGF4GJ4COB: Well do you buddy?
(02:21 / All) FVCKINGF4GJ4COB: He's genderfluid
(02:33 / All) FVCKINGF4GJ4COB: and HIV-positive from rowdy younger days
(06:00 / All) TR1LL: ojs pro
(06:48 / Allies) FVCKINGF4GJ4COB: gj
(09:38 / All) FVCKINGF4GJ4COB: Nice mine
(09:44 / All) WalkingDead): Lol
(09:45 / All) taco-seller.: leave hime alone jerk
(11:27 / Allies) FVCKINGF4GJ4COB: stats
(11:29 / Allies) FVCKINGF4GJ4COB: and temple
(12:08 / Allies) lksokolk1ol1: air
(13:13 / All) FVCKINGF4GJ4COB: Are you having as much fun as I am, blue?
(13:18 / All) WalkingDead): Yes
(13:26 / All) FVCKINGF4GJ4COB: Good, video games are for fun
(14:20 / Allies) Multipawn: just owned blue lol
(14:27 / Allies) FVCKINGF4GJ4COB: I've been owning him with just a hero
(14:31 / Allies) FVCKINGF4GJ4COB: He sucks
(14:33 / Allies) Multipawn: killed everything, he didnt get a single unit
(14:36 / Allies) FVCKINGF4GJ4COB: LOL
(15:01 / Allies) Teletubbies.: altar
(15:03 / All) FVCKINGF4GJ4COB: lol
(15:38 / All) FVCKINGF4GJ4COB: Blue picked on and raped
(15:54 / All) FVCKINGF4GJ4COB: trying so hard to get my hero
(16:02 / Allies) Multipawn: tp to oj?
(16:14 / Allies) Teletubbies.: sure?
(16:26 / Allies) Multipawn: tp
(16:28 / Allies) Multipawn: tp now
(18:23 / All) Teletubbies.: u serious blue?
(18:28 / All) WalkingDead): LOl
(18:29 / All) FVCKINGF4GJ4COB: lol
(20:04 / All) Teletubbies.: enjoying teal?
(20:45 / All) Teletubbies.: oh i see
(21:23 / Allies) lksokolk1ol1: b
(22:01 / Allies) lksokolk1ol1: wtf
(22:05 / Allies) FVCKINGF4GJ4COB: ?
(22:11 / Allies) FVCKINGF4GJ4COB: What?
(22:13 / Allies) lksokolk1ol1: wanna
(22:19 / Allies) lksokolk1ol1: died
(22:20 / Allies) FVCKINGF4GJ4COB: What?
(22:24 / Allies) FVCKINGF4GJ4COB: I didn't do nothing man
(22:39 / Allies) Multipawn: wtf pruple
(22:58 / Allies) lksokolk1ol1: stupid noobs
(23:00 / All) lksokolk1ol1: free win
(23:15 / All) taco-seller.: i was beating u guys 1v3 anyways
(23:16 / Allies) Multipawn: what a bitch
(24:19 / All) Teletubbies.: thats right tp bitch
(25:09 / Allies) Multipawn: red units
(26:25 / Allies) lksokolk1ol1: stupid noobs
(26:53 / Allies) Teletubbies.: oj come
(27:09 / Allies) Teletubbies.: purp
(27:13 / Allies) FVCKINGF4GJ4COB: Yes?
(27:17 / Allies) Teletubbies.: i swear to god your so bad
(27:24 / Allies) FVCKINGF4GJ4COB: I'm taking you three 1v3
(28:26 / Allies) lksokolk1ol1: he is domcing
(28:52 / Allies) lksokolk1ol1: kill this mother fucker
(29:54 / All) FVCKINGF4GJ4COB: fucked up that tp
(30:02 / Allies) lksokolk1ol1: he wanna lose
(30:04 / Allies) lksokolk1ol1: lets fuck him up
(30:36 / All) Teletubbies.: friends or something?
(30:41 / Allies) Multipawn: im going to find out where you live
(30:51 / Allies) FVCKINGF4GJ4COB: How will you do that?
(30:53 / All) taco-seller.: im winning this shit by myself fucking noobs
(30:54 / Allies) FVCKINGF4GJ4COB: I'm scared
(30:56 / Allies) FVCKINGF4GJ4COB: Please don't
(30:58 / Allies) Multipawn: and show up at your house
(30:59 / All) Teletubbies.: LOL
(31:04 / All) Teletubbies.: u funny :)
(31:06 / Allies) Multipawn: your IP address
(31:18 / Allies) FVCKINGF4GJ4COB: How are you going to find that, my little hacker friend?
(31:57 / All) Teletubbies.: u niggas are friends for sure
(32:07 / All) taco-seller.: "teletubbie" shut up
(32:11 / All) taco-seller.: im pro ur noob
(32:13 / All) WalkingDead): "Lol"
(32:25 / All) Teletubbies.: go sell some tacos
(32:31 / All) taco-seller.: f u nigga
(32:35 / All) WalkingDead): Taco seller ftw haha :)
(32:36 / All) taco-seller.: im the bestmexican ever
(32:40 / All) Teletubbies.: even my mom is better than u
(32:54 / All) Teletubbies.: your probly some 12 years old fat WHITE kid
(33:07 / All) taco-seller.: im in my 20's and im hot, i can bench 135 pounds
(33:08 / All) FVCKINGF4GJ4COB: You not fond of whites?
(33:11 / All) FVCKINGF4GJ4COB: What race are you?
(33:17 / All) Multipawn: nah, they're some stupid asian in SK
(33:31 / All) taco-seller.: multipawn was in my game wihere i solo blood mage harassed
(33:34 / All) taco-seller.: he whined all game
(33:37 / All) taco-seller.: when our ally blew the tp
(33:52 / All) Teletubbies.: teal
(33:56 / All) Teletubbies.: you're bad.
(34:37 / All) FVCKINGF4GJ4COB: Are you having fun, red?
(34:43 / All) Teletubbies.: are you?
(34:48 / All) FVCKINGF4GJ4COB: Yes
(35:00 / All) Multipawn: you're a lose purple
(35:04 / All) FVCKINGF4GJ4COB: A lose?
(35:06 / All) FVCKINGF4GJ4COB: I'm a lose?
(35:07 / All) Multipawn: seriously got nothing better to do?
(35:09 / All) FVCKINGF4GJ4COB: Are you Italian?
(35:15 / All) taco-seller.: STAFF POTM
(35:29 / All) Multipawn: no loser, as in a fruit cake
(35:37 / All) Multipawn: someone who is scared to talk to girls
(35:42 / All) Multipawn: a pussy basically
(35:46 / All) FVCKINGF4GJ4COB: lol
(35:50 / All) FVCKINGF4GJ4COB: You guys always bring up girls
(35:52 / All) Teletubbies.: probly have acne right?
(35:55 / All) FVCKINGF4GJ4COB: What's the name of the first girl you fucked?
(35:59 / All) FVCKINGF4GJ4COB: What year did you lose your virginity?
(36:01 / All) Multipawn: who sits at home and fucks up online games and giggles to himself like a little girl
(36:24 / All) Multipawn: you're a queef puppet, simple as that
(36:37 / All) FVCKINGF4GJ4COB: lol
(36:41 / All) Multipawn: im sure teal will beat you
(36:50 / All) Multipawn: he's the better player
(36:51 / All) FVCKINGF4GJ4COB: You still haven't figured it out, asssweat?
(36:59 / All) Teletubbies.: green
(37:02 / All) Teletubbies.: they are friends
(37:06 / All) Teletubbies.: r u moron or somthing?
(37:10 / All) taco-seller.: einstein right here
(37:13 / All) FVCKINGF4GJ4COB: Takes someone tell him, I'm sure he is
(37:15 / All) FVCKINGF4GJ4COB: Even you think it
(37:16 / All) Multipawn: yes
(37:18 / All) Multipawn: but
(37:24 / All) Multipawn: either one of them is going to quit first
(37:29 / All) FVCKINGF4GJ4COB: Chasing bms sucks, can
(37:32 / All) FVCKINGF4GJ4COB: 't get them with 3 staffs
(37:32 / All) Teletubbies.: purp obv
(37:35 / All) Multipawn: my money is on one quitting
(37:39 / All) FVCKINGF4GJ4COB: lol
(37:46 / All) FVCKINGF4GJ4COB: Yeah we can't kill our own buildings to give someone a win or loss
(38:09 / All) taco-seller.: u can control my mk and dhawks blue
(38:10 / All) taco-seller.: k?
(38:15 / All) FVCKINGF4GJ4COB: 80 HP
(38:16 / All) FVCKINGF4GJ4COB: God dammit
(38:40 / All) Teletubbies.: purp u fail
(38:44 / All) FVCKINGF4GJ4COB: BM
(38:46 / All) FVCKINGF4GJ4COB: NEAR YOU
(38:46 / All) FVCKINGF4GJ4COB: AM
(38:48 / All) taco-seller.: bms are hard to kill
(38:49 / All) FVCKINGF4GJ4COB: REVEAL
(39:03 / All) FVCKINGF4GJ4COB: I'll just kil the buildings
(39:13 / All) taco-seller.: i like blue he is cool
(39:22 / All) FVCKINGF4GJ4COB: He sucks though
(39:29 / All) Teletubbies.: just like you
(39:37 / All) FVCKINGF4GJ4COB: I won against you 1v3
(39:53 / All) Teletubbies.: sure
(40:04 / All) FVCKINGF4GJ4COB: stop killing that aviary
(40:26 / All) taco-seller.: i gave control to blue should i take it away
(40:29 / All) FVCKINGF4GJ4COB: yes
(40:39 / All) taco-seller.: sorry blue
(40:44 / All) taco-seller.: purple is my owner
(41:24 / All) FVCKINGF4GJ4COB: fucking 170 hp again
(41:25 / All) Teletubbies.: purp purp purp..
(42:40 / All) taco-seller.: do u have mh blue? show me where reds bm is
(42:48 / All) FVCKINGF4GJ4COB: Finally
(42:51 / All) FVCKINGF4GJ4COB: Ahhhhhh
(42:54 / All) FVCKINGF4GJ4COB: Peace and quiet
(43:08 / All) taco-seller.: i say no standoff
(43:11 / All) taco-seller.: ur team are arrogant
(43:11 / All) FVCKINGF4GJ4COB: I agree
(43:14 / All) FVCKINGF4GJ4COB: My team loses
(43:16 / All) FVCKINGF4GJ4COB: They're cunts
(43:37 / All) taco-seller.: green y wont u talk about the game we had earlier
(43:44 / All) taco-seller.: 2 hours ago
(43:46 / All) Multipawn: i dont remember it
(43:48 / All) taco-seller.: i went solo bloodmage
(43:50 / All) FVCKINGF4GJ4COB: He probably has PTSD from it and can't bear to remember it
(43:50 / All) taco-seller.: and u whined all game
(43:54 / All) taco-seller.: when blue messed the tp up
(43:57 / All) taco-seller.: left u hanging
(44:18 / All) Multipawn: ah yes, you're the tard who got owned in the beginning
(44:27 / All) FVCKINGF4GJ4COB: He probably did more than you with 1 hero
(44:29 / All) FVCKINGF4GJ4COB: Actually I know I did
(44:31 / All) Multipawn: slapped around like a chick
(44:33 / All) FVCKINGF4GJ4COB: It's not easy to do more than trash does
(44:52 / All) Multipawn: i had high score in the game retard
(44:56 / All) FVCKINGF4GJ4COB: Yeah yeah green we all know you've had sex with over 500 women despite not being able to name 1 nor say the date you lost your
(44:58 / All) FVCKINGF4GJ4COB: virginity
(44:59 / All) taco-seller.: (20:05 / Allies) Multipawn: it's retarded to have 2 ppl TP and 1 person not
(45:02 / All) taco-seller.: (20:05 / Allies) Multipawn: it's retarded to have 2 ppl TP and 1 person not
(45:03 / All) FVCKINGF4GJ4COB: Virgins like you put the most focus on it
(45:23 / All) taco-seller.: 21:17 / Allies) Multipawn: purple is a dumb noob, but honestly blue you lost us the game
(45:33 / All) taco-seller.: (23:26 / Allies) Multipawn: fuck you purple, if you at least listened I could accept that
(45:37 / All) Multipawn: i just think to myself, how lame does someones life have to be to just sit online and screw up games all day
(45:45 / All) Multipawn: what a bunch of losers
(45:55 / All) FVCKINGF4GJ4COB: How do you spend your time better?
(45:59 / All) Multipawn: probably have so shit job making 8 bucks an hour
(46:34 / All) taco-seller.: clearly green
(46:35 / All) FVCKINGF4GJ4COB: peasant surround
(46:41 / All) taco-seller.: ur life is so great u call plle names
(47:04 / All) FVCKINGF4GJ4COB: Green how do you spend your time?
(47:06 / All) FVCKINGF4GJ4COB: Where do you work?
(47:11 / All) FVCKINGF4GJ4COB: How much do you make per hour
(47:12 / All) taco-seller.: cussing at pple in 4v4
(47:14 / All) FVCKINGF4GJ4COB: Do you have a girlfriend?
(47:17 / All) taco-seller.: ty blue
(47:27 / All) FVCKINGF4GJ4COB: Stroking his neckbeard while he talks about the life he wishes he could have
(47:30 / All) FVCKINGF4GJ4COB: but he can't because he's a failed human being
(47:35 / All) taco-seller.: its ok blue,
(47:38 / All) FVCKINGF4GJ4COB: and will never accomplish 1/4 of what he wants
(47:38 / All) taco-seller.: purple is a good player
(47:43 / All) taco-seller.: great player
(47:48 / All) taco-seller.: purple is a great player
(47:50 / All) FVCKINGF4GJ4COB: so he lies about it when he fails even at Warcraft III: The Frozen Throne to try to feel better about himself
(47:58 / All) FVCKINGF4GJ4COB: Any last words for us green? You bore me and are no longer speaking
(48:03 / All) taco-seller.: permission to attack ur buildings
(48:08 / All) FVCKINGF4GJ4COB: I just have one